 Dungeon Crawl Stone Soup version 0.30-a0-385-gfebfb9b408 (webtiles) character file.

Game seed: 3486194441635515241

9 avis the Chiller (level 1, 0/14 HPs)
             Began as a Demigod Ice Elementalist on Dec 3, 2022.
             Slain by a hobgoblin (4 damage)
             ... on level 1 of the Dungeon.
             The game lasted 00:02:15 (231 turns).

avis the Chiller (Demigod Ice Elementalist)          Turns: 231, Time: 00:02:16

Health: 0/14       AC:  2    Str:  9    XL:     1   Next: 86%
Magic:  0/5        EV: 12    Int: 17    God:
Gold:   30         SH:  0    Dex: 14    Spells: 2/3 levels left

rFire   . . .      SeeInvis .    c - +0 dagger
rCold   . . .      Faith    .    (no shield)
rNeg    . . .      Spirit   .    a - +0 robe
rPois   .          Reflect  .    (no helmet)
rElec   .          Harm     .    (no cloak)
rCorr   .          Rampage  .    (no gloves)
Will    .....                    (no boots)
Stlth   ++........               (no amulet)
HPRegen 0.22/turn                (no ring)
MPRegen 0.09/turn                (no ring)

@: no status effects
A: high MP 1, forlorn, divine attributes
a: no special abilities


You were on level 1 of the Dungeon.
You visited 1 branch of the dungeon, and saw 1 of its levels.

You collected 30 gold pieces.

Inventory:

Hand Weapons
 c - a +0 dagger (weapon)
Armour
 a - a +0 robe (worn)
Scrolls
 d - a scroll of identify {unknown}
Potions
 b - a potion of magic


   Skills:
 - Level 1.7 Dodging
 - Level 1.7 Stealth
 * Level 1.9 Spellcasting
 - Level 4.0 Ice Magic


You had 2 spell levels left.
You knew the following spells:

 Your Spells              Type           Power      Damage    Failure   Level
a - Freeze                Ice            60%        1d7       3%          1

Your spell library contained the following spells:

 Spells                   Type           Power      Damage    Failure   Level
 Blink                    Tloc           2%         N/A       30%         2
 Momentum Strike          Conj/Tloc      2%         3d8       30%         2
 Frozen Ramparts          Ice            30%        1d5       12%         3
 Ozocubu's Armour         Ice            15%        N/A       12%         3
 Lesser Beckoning         Tloc           2%         N/A       52%         3
 Summon Ice Beast         Ice/Summ       8%         N/A       65%         4
 Manifold Assault         Tloc           1%         N/A       89%         4
 Storm Form               Tmut/Air       0%         N/A       100%        7


Dungeon Overview and Level Annotations

Branches:
Dungeon (1/15)


Innate Abilities, Weirdness & Mutations

You have an increased reservoir of magic. (+10% MP)
You shall have no god before yourself.
Your divine heritage dramatically boosts your attributes as you level up.


Message History

The hobgoblin is lightly wounded.
The hobgoblin hits you.
Casting: Freeze (safe; 3% risk of failure)
Confirm with . or Enter, or press ? or * to list all spells.
Aiming: Freeze (safe; 3% risk of failure)
Press: ? - help, Shift-Dir - straight line, f/p - hobgoblin
Aim: a hobgoblin (lightly wounded)
You freeze the hobgoblin.
The hobgoblin is almost dead.
The hobgoblin closely misses you.
Casting: Freeze (safe; 3% risk of failure)
Confirm with . or Enter, or press ? or * to list all spells.
Aiming: Freeze (safe; 3% risk of failure)
Press: ? - help, Shift-Dir - straight line, f/p - hobgoblin
Aim: a hobgoblin (almost dead)
You freeze the hobgoblin!
You kill the hobgoblin!
Casting: Freeze (safe; 3% risk of failure)
Confirm with . or Enter, or press ? or * to list all spells.
You don't have enough magic to cast this spell.
Unknown command.
Casting: Freeze (safe; 3% risk of failure)
Confirm with . or Enter, or press ? or * to list all spells.
You don't have enough magic to cast this spell.
You closely miss the hobgoblin. The hobgoblin misses you.
You closely miss the hobgoblin. The hobgoblin hits you.
You hit the hobgoblin but do no damage. The hobgoblin barely misses you.
Casting: Freeze (safe; 3% risk of failure)
Confirm with . or Enter, or press ? or * to list all spells.
Aiming: Freeze (safe; 3% risk of failure)
Press: ? - help, Shift-Dir - straight line, f - hobgoblin
Aim: a hobgoblin You freeze the hobgoblin.
The hobgoblin is almost dead.
The hobgoblin hits you.
* * * LOW HITPOINT WARNING * * *
You hit the hobgoblin but do no damage.
The hobgoblin is almost dead.
The hobgoblin hits you.
You die...

................ #
###............
##.####............
..............##...
#####...###.......#
........#...#####..
...#####..###
######†..#######
........@g......
####.#.......... #
######..... .....
.... ... .


You could see a hobgoblin.

Vanquished Creatures
  A ball python (D:1)
  An endoplasm (D:1)
  A giant cockroach (D:1)
  A hobgoblin (D:1)
  A quokka (D:1)
  2 frilled lizards (D:1)
  A kobold (D:1)
8 creatures vanquished.

Notes
Turn   | Place    | Note
-------+----------+-------------------------------------------
     0 | D:1      | avis the Demigod Ice Elementalist began the quest for the
                  | Orb.
     0 | D:1      | Reached XP level 1. HP: 14/14 MP: 5/5
   221 | D:1      | Reached skill level 4 in Ice Magic
   231 | D:1      | Slain by a hobgoblin

Illustrated notes

Levels and vault maps discovered:
D:1:      scummos_arrival_checkerplants, layout_rooms

Skill      XL: |  1 |
---------------+----+-----
Ice Magic      | 4 |  4.0
Dodging        | |  1.7
Stealth        | |  1.7
Spellcasting   | |  1.9

Action                   || total
-------------------------++-------
Melee: Dagger            ||     4
 Cast: Freeze            ||    16
Armor: Robe              ||     1
Dodge: Dodged            ||     5

Table legend: (Time is in decaauts)
 A = Elapsed time spent in this place.
 B = Non-inter-level travel time spent in this place.
 C = Inter-level travel time spent in this place.
 D = Time resting spent in this place.
 E = Time spent auto-exploring this place.
 F = Levels seen in this place.
 G = Mean time per level.
                   A        B        C        D        E       F      G
               +--------+--------+--------+--------+--------+-----+--------+
         Total |    230 |    230 |      0 |     80 |     51 |   1 |  230.0 |
       Dungeon |    230 |    230 |      0 |     80 |     51 |   1 |  230.0 |
               +--------+--------+--------+--------+--------+-----+--------+

Top non-repeatable levels by time:
     D:1: 230 daAuts
